 Dungeon Crawl Stone Soup version 0.19-a0-1682-g5114f93 (webtiles) character file.

562 st0uf the Magician (level 7, -4/41 HPs)
             Began as an Octopode Earth Elementalist on Sept 24, 2016.
             Was an Initiate of Ashenzari.
             Slain by a gnoll
             ... wielding a +0 whip
              (7 damage)
             ... on level 6 of the Dungeon.
             The game lasted 00:24:15 (4644 turns).

st0uf the Magician (Octopode Earth Elementalist)    Turns: 4644, Time: 00:24:16

Health: -4/41      AC:  2    Str:  8    XL:     7   Next: 31%
Magic:  14/15      EV: 13    Int: 19    God:    Ashenzari [......]
Gold:   271        SH:  0    Dex: 12    Spells: 2 memorised, 13 levels left

rFire  . . .     SeeInvis +     b - 93 stones
rCold  . . .     Gourm    .     (no shield)
rNeg   . . .     Faith    .     (helmet restricted)
rPois  .         Spirit   .     n - amulet of magic regeneration
rElec  .         Dismiss  .     C - ring of see invisible
rCorr  .         Reflect  .     (no ring)
MR     .....     Harm     .     (no ring)
Stlth  +++.......               (no ring)
                                (no ring)
                                (no ring)
                                (no ring)
                                (no ring)

@: no status effects
A: almost no armour, stealthy swim, amphibious, 8 rings, constrict 8, camouflage
1, gelatinous body 1
a: Curse Item, Renounce Religion


You were on level 6 of the Dungeon.
You worshipped Ashenzari.
Ashenzari was noncommittal.
You were not hungry.

You visited 2 branches of the dungeon, and saw 7 of its levels.
You also visited: Sewer.

You collected 271 gold pieces.

Inventory:

Missiles
 b - 93 stones (in tentacle)
Jewellery
 k - an uncursed ring of ice
 n - an amulet of magic regeneration (around mantle)
 C - a ring of see invisible (left tentacle)
Wands
 u - a wand of slowing (23/48)
 w - a wand of slowing (18/48)
 y - a wand of confusion (15/48)
Scrolls
 e - 4 scrolls of remove curse
 f - 9 scrolls of identify {unknown}
 h - 4 scrolls of teleportation {unknown}
 m - 4 scrolls of blinking {unknown}
 o - a scroll of magic mapping {unknown}
 q - a scroll of enchant weapon {unknown}
 t - 3 scrolls of enchant armour {unknown}
 B - a scroll of noise {unknown}
 D - a scroll of fog {unknown}
Potions
 g - 5 potions of curing {unknown}
 i - 3 potions of heal wounds {unknown}
 l - a potion of ambrosia {unknown}
 p - a potion of agility {unknown}
 r - a potion of resistance {unknown}
 s - 2 potions of flight {unknown}
 v - 2 potions of degeneration {unknown}
 z - a potion of haste {unknown}
 F - a potion of might {unknown}
Books
 d - a book of Geomancy

   Spells                             Type                      Level
   a - Sandblast                      Earth                        1
   b - Passwall                       Transmutation/Earth          2
   c - Stone Arrow                    Conjuration/Earth            3
   d - Petrify                        Transmutation/Earth          4
   e - Lee's Rapid Deconstruction     Earth                        5
Comestibles
 a - 4 fruits
 c - 5 bread rations
 j - 3 meat rations
 x - a beef jerky
 A - a royal jelly
 E - 4 chunks of flesh


   Skills:
 - Level 2.0 Dodging
 - Level 2.6 Stealth
 * Level 5.6 Spellcasting
 + Level 2.8 Conjurations
   Level 1.0 Transmutations
 + Level 4.6 Earth Magic


You had 13 spell levels left.
You knew the following spells:

 Your Spells              Type           Power        Failure   Level  Hunger
a - Sandblast             Erth           ###...       1%          1    None
b - Stone Arrow           Conj/Erth      ###...       10%         3    ##.....


Dungeon Overview and Level Annotations

Branches:
Dungeon (6/15)             Temple (1/1) D:5

Altars:
Ashenzari
Cheibriados
Dithmenos
Elyvilon
Fedhas
Gozag
Hepliaklqana
Kikubaaqudgha
Makhleb
Nemelex Xobeh
Okawaru
Qazlal
Ru
Sif Muna
Trog
Uskayaw
Vehumet
Xom
Yredelemnul
Zin
The Shining One

Shops:
D:4 [

Annotations:
D:6 Potsanchik's ghost, amateur DEGl


Innate Abilities, Weirdness & Mutations

You cannot wear most types of armour.
You are very stealthy in the water.
You are amphibious.
You can wear up to eight rings at the same time.
You can use your tentacles to constrict eight enemies at once.
Your skin changes colour to match your surroundings (Stealth+).
Your rubbery body absorbs attacks. (AC +1, EV +1)


Message History

A gnoll comes into view.
The iguana hisses menacingly.
A gnoll comes into view. It is wielding a whip.
A hound comes into view.
The hound barks!
The gnoll shouts!
You hear a shout!
The gnoll barely misses you. The hound bites you.
* * * LOW HITPOINT WARNING * * *
A gnoll comes into view.
Unknown command.
Casting: Sandblast
Confirm with . or Enter, or press ? or * to list all spells.
Aiming: Sandblast
Press: ? - help, Shift-Dir - straight line, f - gnoll
Aim: a gnoll, wielding a whip The rocky blast hits the gnoll.
The gnoll is almost dead.
The hound bites you.
* * * LOW HITPOINT WARNING * * *
The gnoll hits you with a whip!
You die...

.##. #.#c#######.##.# ..# ###
#.#...c..g.....# ... #. ..#
#.#########.#### #.# #.# #.#
#.# #.# #.# #.# #.# #.# #c# #
#.# #.# #.# #c# #.# #.#)# #.#
#.# #.# #.#
#.#.#####.###.####.# #g#
...)<..........g@l.# #.#
#.#.........#.##h### #.#
#...<.....###.##.###########.#
########### #................#
#.....######.#.###
#.....g..l...#.#
##....#####..#.# ....##
##..#.# ###.# ###...#(#


You could see an iguana, a hound and 2 gnolls.

Vanquished Creatures
  A big kobold (Sewer)
  A scorpion (D:4)
  An orc priest (D:3)
  An orc wizard (D:4)
  Natasha (thrice) (D:3)
  A worker ant (D:6)
  3 gnolls (D:6)
  5 river rats
  12 adders
  A shadow imp (D:3)
  4 worms
  A dart slug (D:1)
  6 leopard geckos
  5 orcs
  2 giant cockroaches
  10 goblins
  11 hobgoblins
  5 jackals
  6 kobolds
  A quokka (D:2)
  4 bats
  2 frilled lizards
  A quokka skeleton (D:6)
  5 rats
92 creatures vanquished.

Notes
Turn   | Place    | Note
-------+----------+-------------------------------------------
     0 | D:1      | st0uf the Octopode Earth Elementalist began the quest for the Orb.
     0 | D:1      | Reached XP level 1. HP: 11/11 MP: 3/3
   295 | D:1      | Reached XP level 2. HP: 17/17 MP: 0/5
  1095 | D:1      | Reached skill level 3 in Spellcasting
  1323 | D:2      | Reached XP level 3. HP: 16/21 MP: 4/7
  1523 | D:2      | Found a faded altar of an unknown god.
  1604 | D:2      | Reached XP level 4. HP: 14/27 MP: 7/9
  1643 | D:2      | Learned a level 3 spell: Stone Arrow
  2004 | D:3      | Found a glowing drain.
  2008 | D:3      | Noticed Natasha
  2026 | D:3      | Killed Natasha
  2027 | D:3      | Reached skill level 4 in Spellcasting
  2027 | D:3      | Reached skill level 1 in Conjurations
  2027 | D:3      | Reached XP level 5. HP: 22/31 MP: 6/11
  2045 | Sewer    | Entered a sewer
  2379 | Sewer    | Noticed a big kobold
  2410 | Sewer    | Killed a big kobold
  2410 | Sewer    | Reached XP level 6. HP: 36/36 MP: 0/13
  2432 | Sewer    | Found a glowing silver altar of Zin.
  2519 | D:3      | Noticed Natasha
  2523 | D:3      | Killed Natasha
  3035 | D:3      | Noticed Natasha
  3051 | D:3      | Killed Natasha
  3051 | D:3      | Reached skill level 5 in Spellcasting
  3485 | D:4      | Found Elut's Antique Armour Emporium.
  3671 | D:4      | Reached XP level 7. HP: 12/41 MP: 12/15
  4149 | D:5      | Entered Level 5 of the Dungeon
  4149 | D:5      | Found a staircase to the Ecumenical Temple.
  4155 | Temple   | Entered the Ecumenical Temple
  4263 | Temple   | Became a worshipper of Ashenzari the Shackled
  4528 | D:6      | Noticed Potsanchik's ghost (amateur DEGl)
  4644 | D:6      | Slain by a gnoll

Vault maps used:
D:1:      minmay_arrival_loop, minmay_heptomino_d4
D:2:      first_bread, ecumenical_altar_1
D:3:      portal_sewer_entry_a, uniq_natasha
D:4:      serial_shops, kennysheep_mini_moat, corner_web_ring
D:5:      lemuel_insect_pit, serial_shops, shop_coins, minmay_misc_feat_rows,
          kennysheep_another_room, uniq_pikel
Temple:   kilobyte_greek_temple
Sewer:    sewer_kobolds

Skill      XL: |  1  2  3  4  5  6 |
---------------+-------------------+-----
Spellcasting   | 3 4 5 |  5.6
Conjurations   | 1 2 |  2.8
Earth Magic    | 4 |  4.6
Dodging        | |  2.0
Stealth        | |  2.6
Transmutations | |  1.0

Action                   |  1- 3 |  4- 6 |  7- 9 || total
-------------------------+-------+-------+-------++-------
Melee: Unarmed           |    20 |    60 |    11 ||    91
       Constrict         |     6 |    22 |     1 ||    29
       Tentacles         |     3 |    13 |     3 ||    19
 Cast: Sandblast         |    43 |   139 |    25 ||   207
  Eat: Chunk             |     2 |     6 |     3 ||    11
Armor: Skin              |     6 |    10 |     1 ||    17
Dodge: Dodged            |    29 |    73 |    23 ||   125
